 Dungeon Crawl Stone Soup version 0.32-a0-938-g40ac7a0 (webtiles) character file.

Game seed: 9496173876696037220

2494661 domd2 the Ruinous (level 27, 174/174 HPs)
             Began as a Felid Conjurer on Apr 15, 2024.
             Was the Champion of Vehumet.
             Escaped with the Orb
             ... and 5 runes on Apr 16, 2024!
             The game lasted 04:09:46 (108394 turns).

domd2 the Ruinous (Felid Conjurer)                Turns: 108394, Time: 04:09:47

Health: 174/174    AC: 13    Str: 15    XL:     27
Magic:  59/59      EV:  9    Int: 33    God:    Vehumet [******]
Gold:   5005       SH:  0    Dex: 16    Spells: 8/70 levels left
                                        Lives:  0   Deaths: 10

rFire   + + .        (weapon unavailable)
rCold   . . .        (shield unavailable)
rNeg    + . .        (body armour unavailable)
rPois   +            (helmet unavailable)
rElec   +            (cloak unavailable)
rCorr   .            (gloves unavailable)
SInv    +            (boots unavailable)
Will    +++++        w - amulet of magic regeneration
Stlth   +            n - ring "Munaenk" {rElec rPois rN+ Stlth+}
HPRegen 0.49/turn    l - ring of Ywkairof {Wiz rC+ MP+9}
MPRegen 0.76/turn

%: wizardry (x1)
@: dragon-form, flying
A: dragon claw, dragon scales, breathe fire, flying, boosted hp, giant, (claws
1), (fangs 3), see invisible, (shaggy fur 3), (stealthy paws), no weapons or
thrown items, no armour, multi-lived, (antennae 1), (cold resistance 1),
strong-willed 1
0: Orb of Zot
}: 5/15 runes: decaying, serpentine, slimy, silver, abyssal
a: Breathe Fire, Begin Untransformation, Renounce Religion


You escaped.
You worshipped Vehumet.
Vehumet was exalted by your worship.
You were a fearsome dragon!
You visited 12 branches of the dungeon, and saw 56 of its levels.
You visited the Abyss 1 time.
You visited 1 ziggurat, and saw 13 of its levels.
You also visited: Ossuary and Gauntlet.

You collected 9272 gold pieces.
You spent 4267 gold pieces at shops.

Inventory:

Jewellery
 k - a ring of positive energy
 l - the ring of Ywkairof (right foreclaw) {Wiz rC+ MP+9}
   (You acquired it on level 2 of the Snake Pit)

   [ring of wizardry]

   Wiz:       It improves your spell success rate.
   rC+:       It protects you from cold.
   MP+9:      It affects your magic capacity (+9).
 n - the ring "Munaenk" (left foreclaw) {rElec rPois rN+ Stlth+}
   (You found it on level 5 of the Pits of Slime)

   [ring of poison resistance]

   rElec:     It insulates you from electricity.
   rPois:     It protects you from poison.
   rN+:       It protects you from negative energy.
   Stlth+:    It makes you more stealthy.
 w - an amulet of magic regeneration (around neck)
 x - the ring "Piasa" {rElec rPois}
   (You found it on level 5 of the Realm of Zot)

   [ring of poison resistance]

   rElec:     It insulates you from electricity.
   rPois:     It protects you from poison.
 H - a ring of protection from fire
 J - an amulet of the acrobat
 P - the amulet of the Frog {rN+ Regen+ Str+4}
   (You found it in a Gauntlet)

   [amulet of regeneration]

   Str+4:     It affects your strength (+4).
   rN+:       It protects you from negative energy.
   Regen+:    It increases your rate of health regeneration.
 U - the ring of Qazlal's Approval {Wiz *Corrode Fly rN+++ MP+9}
   (You found it on level 8 of a ziggurat)

   [ring of wizardry]

   Wiz:       It improves your spell success rate.
   rN+++:     It renders you almost immune to negative energy.
   MP+9:      It affects your magic capacity (+9).
   Fly:       It grants you flight.
   *Corrode:  It may corrode you when you take damage.
 Y - the ring "Nanualof" {rC++ Str+6}
   (You acquired it on level 2 of the Elven Halls)

   [ring of strength]

   Str+6:     It affects your strength (+6).
   rC++:      It greatly protects you from cold.
Talismans
 j - the serpent talisman of Ashenzari's Pride {rN+ Will+ Str+4 Dex-5}
   (You found it on level 3 of the Elven Halls)

   [serpent talisman]

   Str+4:     It affects your strength (+4).
   Dex-5:     It affects your dexterity (-5).
   rN+:       It protects you from negative energy.
   Will+:     It increases your willpower.
 o - a storm talisman
 D - a granite talisman
 T - a dragon-blood talisman (active)
 X - a talisman of death
Wands
 c - a wand of mindburst (29)
 E - a wand of paralysis (71)
 G - a wand of digging (12)
 L - a wand of warping (61)
 W - a wand of polymorph (31)
 Z - a wand of acid (27)
Scrolls
 d - 13 scrolls of vulnerability
 f - 15 scrolls of fog
 g - 11 scrolls of poison
 m - 10 scrolls of revelation
 p - 28 scrolls of teleportation
 q - 7 scrolls of immolation
 t - a scroll of blinking
 v - 6 scrolls of butterflies
 y - 12 scrolls of amnesia
 A - 11 scrolls of noise
 M - 14 scrolls of fear
 V - 2 scrolls of torment
Potions
 a - 3 potions of magic
 b - 3 potions of invisibility
 e - 7 potions of heal wounds
 h - 17 potions of curing
 i - a potion of cancellation
 s - 5 potions of enlightenment
 u - 10 potions of lignification
 B - 2 potions of ambrosia
 C - 8 potions of mutation
 F - 10 potions of attraction
 I - 6 potions of resistance
 K - a potion of brilliance
 N - 9 potions of might
Miscellaneous
 r - a lightning rod (4/4)
 O - a tin of tremorstones (2/2)
 Q - a Gell's gravitambourine (2/2)
 R - a sack of spiders
 S - a phantom mirror


   Skills:
 + Level 3.2 Fighting
 + Level 5.3 Dodging
 - Level 2.6 Stealth
 + Level 22.2 Spellcasting
 - Level 23.3 Conjurations
 - Level 20.7 Fire Magic
 + Level 14.0 Air Magic
 + Level 20.0 Earth Magic
 - Level 6.4 Alchemy
 + Level 18.0 Shapeshifting


You had 8 spell levels left.
You knew the following spells:

 Your Spells              Type           Power      Damage    Failure   Level
a - Starburst             Conj/Fire      55%        6d15      0%          6
b - Searing Ray           Conj           100%       2d8       0%          2
c - Shatter               Erth           53%        3d40*     2%          9
d - Irradiate             Conj/Alch      47%        3d27      1%          5
e - Magic Dart            Conj           100%       1d8       0%          1
f - Iskenderun's Battles  Conj           100%       2d15      0%          5
g - Fire Storm            Conj/Fire      55%        8d14      1%          9
h - Blink                 Tloc           72%        N/A       1%          2
i - Ignition              Fire           54%        3d15      1%          8
j - Chain Lightning       Conj/Air       51%        3d68      4%          9
k - Sublimation of Blood  Necr           36%        N/A       1%          2
l - Passage of Golubria   Tloc           36%        N/A       3%          4

Your spell library contained the following spells:

 Spells                   Type           Power      Damage    Failure   Level
 Foxfire                  Conj/Fire      100%       2x1d9     0%          1
 Kiss of Death            Conj/Necr      100%       2d13      0%          1
 Sandblast                Erth           100%       2d20      0%          1
 Shock                    Conj/Air       100%       1d9       0%          1
 Sting                    Conj/Alch      100%       1d9       0%          1
 Mercury Vapours          Alch/Air       100%       N/A       0%          2
 Momentum Strike          Conj/Tloc      100%       3d10      0%          2
 Scorch                   Fire           100%       2d9       0%          2
 Static Discharge         Conj/Air       100%       3-8/arc   0%          2
 Dazzling Flash           Conj/Hex       100%       N/A       0%          3
 Hailstorm                Conj/Ice       85%        3d14      0%          3
 Inner Flame              Hex/Fire       81%        N/A       0%          3
 Mephitic Cloud           Conj/Alch/Air  93%        N/A       0%          3
 Passwall                 Erth           100%       N/A       0%          3
 Stone Arrow              Conj/Erth      100%       3d13      0%          3
 Swiftness                Air            92%        N/A       0%          3
 Volatile Blastmotes      Fire/Tloc      100%       2d18      0%          3
 Airstrike                Air            46%        2d(7-23)  0%          4
 Brom's Barrelling Bould  Conj/Erth      100%       2d11      0%          4
 Flame Wave               Conj/Fire      100%       2d21      0%          4
 Fulminant Prism          Conj/Alch      47%        3d21      0%          4
 Ignite Poison            Fire/Alch      90%        N/A       0%          4
 Sticky Flame             Fire/Alch      90%        2d14      0%          4
 Arcjolt                  Conj/Air       51%        1d61      0%          5
 Fireball                 Conj/Fire      55%        3d21      0%          5
 Bombard                  Conj/Erth      55%        9d9       0%          6
 Apportation              Tloc           72%        N/A       1%          1
 Necrotise                Necr           100%       1d9       1%          1
 Slow                     Hex            100%       N/A       1%          1
 Summon Small Mammal      Summ           100%       N/A       1%          1
 Cigotuvi's Dreadful Rot  Necr/Alch/Air  100%       N/A       1%          2
 Ensorcelled Hibernation  Hex/Ice        72%        N/A       1%          2
 Jinxbite                 Hex            72%        N/A       1%          2
 Lesser Beckoning         Tloc           72%        N/A       1%          2
 Call Canine Familiar     Summ           36%        N/A       1%          3
 Confusing Touch          Hex            36%        N/A       1%          3
 Frozen Ramparts          Ice            72%        1d11      1%          3
 Fugue of the Fallen      Necr           36%        N/A       1%          3
 Maxwell's Portable Pile  Tloc           36%        2d(8-24)  1%          3
 Ozocubu's Armour         Ice            36%        N/A       1%          3
 Sigil of Binding         Hex            36%        N/A       1%          3
 Summon Ice Beast         Ice/Summ       36%        N/A       1%          3
 Teleport Other           Tloc           36%        N/A       1%          3
 Tukima's Dance           Hex            36%        N/A       1%          3
 Vampiric Draining        Necr           36%        2d8       1%          3
 Iskenderun's Mystic Bla  Conj/Tloc      85%        2d17      (+2d91%     4
 Leda's Liquefaction      Alch/Erth      44%        N/A       1%          4
 Olgreb's Toxic Radiance  Alch           68%        N/A       1%          4
 Petrify                  Alch/Erth      89%        N/A       1%          4
 Summon Blazeheart Golem  Fire/Summ      81%        N/A       1%          4
 Summon Lightning Spire   Summ/Air       70%        N/A       1%          4
 Vhi's Electric Charge    Tloc/Air       100%       N/A       1%          4
 Alistair's Intoxication  Alch           45%        N/A       1%          5
 Borgnjor's Vile Clutch   Necr/Erth      40%        N/A       1%          5
 Freezing Cloud           Conj/Ice/Air   43%        6-21      1%          5
 Silence                  Hex/Air        35%        N/A       1%          5
 Yara's Violent Unravell  Hex/Alch       27%        3d12      1%          5
 Conjure Ball Lightning   Conj/Air       51%        3x3d18    1%          6
 Eringya's Noxious Bog    Alch           34%        4d6       1%          6
 Permafrost Eruption      Ice/Erth       40%        2x4d9     1%          6
 Plasma Beam              Fire/Air       50%        2x1d65    1%          6
 Orb of Destruction       Conj           56%        9d14      1%          7
 Spellforged Servitor     Conj/Summ      42%        N/A       1%          7
 Lehudib's Crystal Spear  Conj/Erth      55%        10d13     1%          8
 Maxwell's Capacitive Co  Air            46%        ∞         1%          8
 Anguish                  Hex/Necr       18%        N/A       3%          4
 Animate Dead             Necr           36%        N/A       3%          4
 Dispel Undead            Necr           36%        3d15      3%          4
 Martyr's Knell           Necr/Summ      36%        N/A       3%          4
 Metabolic Englaciation   Hex/Ice        18%        N/A       9%          5
 Summon Forest            Summ/Tloc      18%        N/A       9%          5
 Summon Mana Viper        Hex/Summ       36%        N/A       9%          5
 Sculpt Simulacrum        Ice/Alch       27%        N/A       13%         6
 Death Channel            Necr           18%        N/A       43%         6
 Dispersal                Tloc           18%        N/A       43%         6
 Gell's Gavotte           Tloc           18%        2d(19-28) 43%         6
 Summon Cactus Giant      Summ           18%        N/A       43%         6
 Ozocubu's Refrigeration  Ice            18%        4d11      47%         7
 Haunt                    Necr/Summ      18%        N/A       93%         7
 Malign Gateway           Summ/Tloc      18%        N/A       93%         7
 Manifold Assault         Tloc           18%        N/A       93%         7
 Borgnjor's Revivificati  Necr           18%        N/A       100%        8
 Discord                  Hex            18%        N/A       100%        8
 Disjunction              Tloc           18%        N/A       100%        8
 Infestation              Necr           18%        N/A       100%        8
 Summon Horrible Things   Summ           18%        N/A       100%        8
 Polar Vortex             Ice            18%        12d2*     99%         9
 Dimensional Bullseye     Hex/Tloc       Unusable   N/A       N/A         4

Dungeon Overview and Level Annotations

Branches:
Dungeon (15/15)            Temple (1/1) D:4            Lair (5/5) D:9
  Swamp (4/4) Lair:2        Snake (4/4) Lair:2        Slime (5/5) Lair:5
    Orc (2/2) D:12            Elf (3/3) Orc:2        Vaults (5/5) D:14
  Crypt (3/3) Vaults:3       Tomb (0/3) Crypt:3      Depths (4/4) D:15
    Zot (5/5) Depths:4    Ossuary (visited)         Gauntlet (visited)

Altars:
Ashenzari
Cheibriados
Dithmenos
Elyvilon
Fedhas
Gozag
Hepliaklqana
Kikubaaqudgha
Makhleb
Nemelex Xobeh
Okawaru
Qazlal
Ru
Sif Muna
Trog
Uskayaw
Vehumet
Wu Jian
Xom
Yredelemnul
Zin
The Shining One
Jiyva

Shops:
D:2 (   D:7 *   D:15 =   Orc:2 (?:(   Elf:1 ::=   Elf:3 :   Snake:1 ?
Snake:4 *   Vaults:3 (   Vaults:4 *   Vaults:5 =   Depths:1 *

Portals:
Hell: Depths:1 Depths:2 Depths:3 Depths:4
Abyss: Depths:3 Depths:4
Pandemonium: Depths:2
Trove: D:13 (give 3 potions of resistance)

Annotations:
D:8 exclusion: 2 downstairs
D:10 2 transporters, 1lSu2w's ghost, journeyman HuHu
Lair:1 exclusion: downstairs
Lair:4 1 runed translucent door, Qiar's ghost, journeyman DsGl
Swamp:1 3 runed translucent doors, exclusion: downstairs, 10x100sm's ghost, adept FoFi
Snake:2 3 runed translucent doors, Girthnturf's ghost, adept DsFi
Orc:1 4 transporters
Elf:2 exclusion: downstairs
Vaults:1 3 runed translucent doors, exclusion: downstairs, Busi's ghost, adept CeHu
Crypt:1 exclusion: downstairs
Crypt:2 exclusion: downstairs
Crypt:3 36 runed translucent doors, exclusion: 36 doors


Innate Abilities, Weirdness & Mutations

You are a fearsome dragon!
You have a powerful clawing attack.
Your giant scaled body is strong and resilient, but less evasive.
You can breathe fire.
You are flying.
Your maximum health is greatly increased.
((You have sharp claws.))
((You have razor-sharp teeth.))
You have supernaturally acute eyesight. (SInv)
((Your thick and shaggy fur keeps you warm. (AC +3, rC+)))
((Your paws help you pounce on unaware monsters.))
You are incapable of wielding weapons or throwing items.
You cannot wear armour.
You gain extra lives every three experience levels.
((You have a pair of small antennae on your head.))
((Your flesh is cold resistant. (rC+)))
You are strong-willed. (Will+)


Message History

The bolt of lightning hits you. You resist.
Unknown command.
Casting: Chain Lightning (dangerous; 4% risk of failure)
Confirm with . or Enter, or press ? or * to list all spells.
You feel a surge of power! Lightning arcs from your foreclaws!
The bolt of lightning hits Nuittuiq!!!!
Nuittuiq resists.
You kill Nuittuiq!
Vehumet accepts your kill. The bolt of lightning hits you! You resist.
Your Air Magic skill increases to level 14!
Unknown command.
There is a stone staircase leading up here.
You fly upwards.
There is a stone staircase leading down here.
An Orb Guardian comes into view.
Casting: Chain Lightning (dangerous; 4% risk of failure)
Confirm with . or Enter, or press ? or * to list all spells.
You feel a surge of power! Lightning arcs from your foreclaws!
The bolt of lightning hits the Orb Guardian!!!!
You kill the Orb Guardian!
Vehumet accepts your kill.
You feel your power returning. The bolt of lightning hits you. You resist.
Unknown command.
You can't go up here!
A blizzard demon comes into view.
There is a stone staircase leading up here.
The blizzard demon shouts!
You fly upwards.
There is a stone staircase leading down here.
Your extra speed is starting to run out.
You feel yourself slow down.
HP restored.
You feel a little less clever now.
Things that are here:
a +0 club; a kobold skeleton
There is a fountain of clear blue water here.
You see here 5 javelins.
There is an open door here.
There is a staircase leading out of the dungeon here.
You have escaped!

#)......'.........'..........
##...####......[..####.......
#.....# ##.......## ##......
#.....# ##.....## #..)...
#.....# ####....# #......
##...## #.......# ####.##
##.## #.⌠...⌠.# #.#
##.#####..#'#..##########.#
#.........#D#(............#
##.####...###..############
### ##.⌠...⌠.# #.......#
###.#..## #.#..# #>...#
###.## ###.#######


There were no monsters in sight!

Vanquished Creatures
  the Royal Jelly (Slime:5)
  Dissolution (Slime:5)
  The ghost of Tibbeudu the Wishgranter, a legendary DjCj of Makhleb (Zig:13)
  4 orbs of fire
  Frederick (Vaults:4)
  7 dread liches
  3 ancient liches
  Mennas (Crypt:3)
  The ghost of Boycipp the Conqueror, a legendary DsFi of Makhleb (Zig:13)
  The ghost of Kinoajidouf the Axe Maniac, a master HOBe of Trog (Zig:13)
  The ghost of Plog the Crack Shot, a legendary FoHu of Dithmenos (Zot:3)
  The ghost of Yxuenos the Conqueror, a legendary DsFi of Makhleb (Zig:13)
  The ghost of Yxuenos the Conqueror, a legendary DsFi of Makhleb (Zig:13)
  The ghost of sekai the Invulnerable, a legendary AtFi of Okawaru (Zot:4)
  The ghost of Jyfueq the Conqueror, a master GrHu of Okawaru (Zot:5)
  Vv (Zot:1)
  3 pandemonium lords
  5 Killer Klowns (Zot:5)
  Bai Suzhen (Swamp:4)
  8 curse toes
  7 golden dragons
  4 bone dragons
  A Brimstone Fiend (D:7)
  2 hellephants
  2 electric golems
  2 walking crystal tomes
  11 tentacled monstrosities
  32 Orb Guardians
  2 deep elf blademasters (Elf:3)
  Asterion (Vaults:1)
  9 liches
  8 quicksilver dragons
  2 sphinxes
  A walking frostbound tome (Depths:3)
  5 titans
  4 deep elf master archers
  18 acid blobs
  6 ancient champions
  A tentacled starspawn (Abyss:2)
  20 death cobs
  13 storm dragons
  2 thorn hunters
  Donald (Swamp:4)
  10 shadow dragons
  15 nagarajas
  12 rockslimes
  6 revenants
  5 protean progenitors
  12 fire giants
  5 tengu reavers
  Roxanne (Snake:4)
  3 draconian knights
  6 draconian monks
  A demonspawn warmonger (Zot:3)
  2 draconian shifters
  12 azure jellies
  A balrug (Zig:1)
  2 emperor scorpions (Zig:11)
  7 frost giants
  4 draconian scorchers
  4 deep elf sorcerers
  4 deep elf elementalists
  7 ghost moths
  8 vault wardens
  A juggernaut zombie (Crypt:2)
  An iron dragon (Zig:5)
  5 curse skulls
  2 reapers
  6 draconian stormcallers
  4 orc warlords
  A spriggan defender (Depths:4)
  17 stone giants
  A draconian annihilator (Zot:3)
  4 ghouls
  6 formless jellyfish
  14 very ugly things
  18 ironbound preservers
  2 ironbound thunderhulks
  16 quicksilver oozes
  12 green draconians
  4 eleionomae
  14 black draconians
  14 vampire knights
  11 deep elf demonologists
  14 deep elf death magi
  12 red draconians
  16 dire elephants
  A minotaur (Gauntlet)
  15 yellow draconians
  15 deep elf annihilators
  6 bunyips
  11 white draconians
  2 spark wasps
  8 purple draconians
  9 war gargoyles
  11 ettins
  6 eidola
  An ettin (shapeshifter) (Vaults:2)
  A mummy priest (Crypt:3)
  9 fire dragons
  A green death (Zot:5)
  4 merfolk javelineers
  11 yaktaur captains
  6 deep elf high priests
  4 crystal guardians
  8 jiangshi
  An entropy weaver (Zig:11)
  4 shambling mangroves (Swamp:4)
  20 great orbs of eyes
  Josephine (Lair:3)
  13 ice dragons
  7 spriggan air magi
  2 rakshasas (Depths:3)
  A fenstrider witch zombie (Crypt:1)
  28 hydras
  26 vault guards
  A salamander tyrant (Snake:4)
  2 death knights (Crypt:2)
  A hell beast (Depths:2)
  4 ghost crabs
  5 ogre magi
  6 alligators
  2 peacekeepers
  6 radroaches
  11 anacondas
  A jorogumo (Zig:11)
  A spriggan skeleton (Crypt:3)
  9 ironbound frosthearts
  4 two-headed ogres
  A catoblepas (Lair:5)
  5 centaur warriors
  3 boulder beetles
  A fenstrider witch skeleton (Crypt:1)
  12 death yaks
  36 dancing weapons
  2 tengu warriors
  8 vampire magi
  A deep troll shaman (Depths:2)
  A sphinx skeleton (Vaults:3)
  A death scarab (Gauntlet)
  A satyr (Zig:10)
  A hell hog (Zig:6)
  4 deep troll earth magi
  9 shock serpents
  4 occultists
  14 naga sharpshooters
  17 naga warriors
  A shock serpent (shapeshifter) (Vaults:5)
  9 orc high priests
  5 spriggan berserkers
  4 sun demons
  4 spectral storm dragons (Crypt:2)
  2 hell knights
  17 deep elf knights
  11 soul eaters
  30 skeletal warriors
  13 spriggans
  A skyshark (shapeshifter) (Vaults:5)
  2 wretched stars (Abyss:2)
  A fire crab (shapeshifter) (Elf:1)
  7 goliath frogs
  2 death drakes (Zot:4)
  4 salamander mystics
  3 skysharks
  5 iron trolls
  2 spatial maelstroms
  A pharaoh ant (Zig:11)
  4 shadow wraiths
  A sixfirhy (Abyss:2)
  9 deep elf archers
  A titan skeleton (Vaults:3)
  5 flayed ghosts
  A sea snake (shapeshifter) (Vaults:2)
  13 naga ritualists
  3 spriggan druids
  12 mana vipers
  An orb spider (shapeshifter) (Depths:3)
  A sun moth (shapeshifter) (Depths:2)
  44 deep trolls
  20 phantasmal warriors
  An orb spider (Zig:11)
  8 bog bodies
  A deep troll (shapeshifter) (Depths:1)
  A swamp dragon (shapeshifter) (Depths:2)
  4 obsidian statues
  5 orange crystal statues
  6 arcanists
  4 glowing orange brains
  18 ironbound convokers
  A necromancer (Vaults:2)
  7 shining eyes
  3 steelbarb worms (Zig:11)
  11 swamp dragons
  12 orc knights
  Pikel (D:9)
  30 deep elf pyromancers
  8 thermic dynamos
  A lindwurm (Vaults:1)
  20 deep elf zephyrmancers
  26 ugly things
  10 orc sorcerers
  A goliath frog zombie (Crypt:1)
  2 fauns (Zig:10)
  A spectral ice dragon (Crypt:2)
  A moth of wrath (shapeshifter) (Vaults:5)
  A wolf spider (Zig:11)
  3 will-o-the-wisps
  12 salamanders
  A tengu skeleton (Vaults:2)
  2 spectral fire dragons (Crypt:2)
  5 cyclopes
  4 elephants
  3 manticores
  18 moths of wrath
  10 naga magi
  3 torpor snails
  47 black mambas
  2 rust devils
  4 kobold blastminers
  9 guardian serpents (Snake:4)
  A smoke demon (Zig:6)
  13 vault sentinels
  3 ice statues
  2 black mambas (shapeshifter)
  A stone giant skeleton (Vaults:3)
  7 human skeletons
  Maggie (D:6)
  2 gargoyles
  A grey draconian zombie (Crypt:3)
  23 cane toads
  A redback zombie (Crypt:1)
  4 eyes of devastation
  A mana viper skeleton (Crypt:2)
  A dire elephant skeleton (Crypt:3)
  3 large abominations
  3 torpor snails (shapeshifter)
  An iron troll zombie (Crypt:3)
  A yaktaur zombie (Vaults:2)
  3 rime drakes
  27 yaktaurs
  An efreet (D:15)
  15 komodo dragons
  6 freezing wraiths
  2 komodo dragons (shapeshifter) (Elf:1)
  An unseen horror (D:12)
  A tormentor (Depths:2)
  A catoblepas zombie (Crypt:2)
  An ancient zyme (Zig:6)
  6 guardian mummies (Crypt:3)
  3 yaktaur skeletons (Vaults:3)
  A wind drake (Zig:5)
  A wolf spider (shapeshifter) (Vaults:3)
  4 tengu conjurers
  A merfolk (shapeshifter) (Vaults:5)
  8 trolls
  A hellwing (Zig:2)
  A bloated husk (Swamp:1)
  A jumping spider (Zig:11)
  A polar bear (Lair:4)
  4 raiju
  15 hornets
  A guardian serpent zombie (Crypt:2)
  17 tyrant leeches
  A tarantella (Zig:11)
  35 blink frogs
  2 snapping turtles (shapeshifter)
  3 glass eyes
  108 slime creatures
  A dream sheep (shapeshifter) (Vaults:2)
  A deep troll skeleton (Vaults:3)
  2 culicivoras
  4 air elementals
  A centaur simulacrum (D:13)
  9 water elementals
  11 wraiths
  56 yaks
  A vampire (D:7)
  9 wyverns
  A fire bat (shapeshifter) (D:14)
  A tyrant leech zombie (Crypt:3)
  A fire elemental (Elf:3)
  12 golden eyes
  A yak (shapeshifter) (D:15)
  A steam dragon (D:8)
  A basilisk (Lair:2)
  5 humans (D:14)
  A ynoxinul (Abyss:2)
  3 wargs
  A neqoxec (Abyss:2)
  10 vampire mosquitoes
  A glowing shapeshifter zombie (Crypt:2)
  A two-headed ogre zombie (Crypt:3)
  4 redbacks
  2 chaos spawn (Abyss:2)
  3 spatial vortices
  A spectral cane toad (Gauntlet)
  25 water moccasins
  45 nagas
  11 swamp worms
  3 hell hounds (Abyss:2)
  A water moccasin (shapeshifter) (Elf:2)
  8 swamp drakes
  A manticore zombie (Crypt:1)
  44 orc warriors
  A redback (shapeshifter) (Vaults:2)
  6 black bears
  19 laughing skulls
  An ogre (shapeshifter) (D:13)
  7 ogres
  A boggart (Vaults:3)
  8 wolves
  4 centaurs
  A hog zombie (Crypt:1)
  2 phantoms
  2 lemures (D:9)
  A kobold brigand (D:10)
  3 elf zombies (Ossuary)
  A wyvern zombie (Crypt:2)
  22 bullfrogs
  6 earth elementals
  A gnoll sergeant (D:8)
  3 scorpions
  9 wights
  A troll skeleton (Crypt:3)
  A killer bee (Lair:1)
  A howler monkey (D:6)
  5 electric eels
  7 crimson imps (D:10)
  A centaur zombie (Ossuary)
  A wolf skeleton (Crypt:1)
  4 hounds
  10 jellies
  2 bombardier beetles (D:5)
  2 gnoll boudas (D:9)
  3 human zombies (Ossuary)
  26 orc priests
  A sleepcap (D:6)
  6 iguanas
  18 orc wizards
  2 crocodile zombies (Ossuary)
  A naga zombie (Crypt:1)
  An acid dragon skeleton (Crypt:3)
  3 spectral hounds (Ossuary)
  A hound skeleton (Crypt:2)
  4 mummies (Ossuary)
  16 gnolls
  8 adders
  A hound simulacrum (Ossuary)
  5 shadow imps
  9 white imps
  A spectral adder (Ossuary)
  An iguana skeleton (Crypt:1)
  5 spectral gnolls (Ossuary)
  6 dart slugs
  3 adder simulacra (Ossuary)
  72 orcs
  10 ball pythons
  6 endoplasms
  3 giant cockroaches
  6 gnoll zombies
  3 hobgoblins
  4 jackals (D:4)
  15 kobolds
  3 quokkas
  A river rat zombie (Crypt:3)
  4 bats
  3 frilled lizards
  3 gnoll simulacra (Ossuary)
  3 goblins
  A jackal simulacrum (Ossuary)
  A jackal zombie (Crypt:3)
  9 kobold zombies
  3 orc zombies (Ossuary)
  3 rats (D:1)
  A rat zombie (Crypt:2)
  2 spectral jackals (Ossuary)
  4 aspiring fleshes
  A spectral weapon (Zot:1)
2511 creatures vanquished.

Vanquished Creatures (collateral kills)
  An electric golem (Zot:5)
  2 tentacled monstrosities
  A walking crystal tome (Depths:4)
  2 shadow dragons
  A deep elf sorcerer (Elf:1)
  A curse skull (Crypt:2)
  A vault warden (Vaults:1)
  A formless jellyfish (Vaults:2)
  A dire elephant (Vaults:1)
  A yellow draconian (Zot:3)
  A spriggan air mage (Depths:4)
  A great orb of eyes (Vaults:3)
  A swamp dragon (Swamp:3)
  3 slime creatures
  A phantasmal warrior (Zig:13)
  A golden eye (Slime:1)
  A glowing shapeshifter zombie (Vaults:2)
21 creatures vanquished.

Vanquished Creatures (others)
  An obsidian statue (Zig:13)
  A bloated husk (Swamp:1)
  A water elemental (Elf:1)
  663 fire vortices
  6 foxfires
  91 fulminant prisms
  4 starspawn tentacles (Abyss:2)
767 creatures vanquished.

Grand Total: 3299 creatures vanquished

Notes
Turn   | Place    | Note
-------+----------+-------------------------------------------
     0 | D:1      | domd2 the Felid Conjurer began the quest for the Orb.
     0 | D:1      | Reached XP level 1. HP: 9/9 MP: 4/4
   201 | D:1      | Reached XP level 2. HP: 13/13 MP: 4/6
   269 | D:1      | Learned a level 2 spell: Searing Ray
   465 | D:1      | Reached skill level 4 in Conjurations
   949 | D:1      | Reached XP level 3. HP: 16/16 MP: 5/8
  1434 | D:2      | Found Oxtolum's Antique Weapon Emporium.
  1706 | D:2      | Reached XP level 4. HP: 21/21 MP: 5/9
  1706 | D:2      | Gained a life (2 lives remaining)
  2501 | D:3      | Learned a level 4 spell: Fulminant Prism
  3243 | D:3      | Reached XP level 5. HP: 18/24 MP: 11/11
  3582 | D:4      | Noticed a phantom
  3612 | D:3      | Killed a phantom
  3613 | D:3      | Reached skill level 5 in Conjurations
  3669 | D:3      | Gained mutation: You are covered in thick fur. (AC +2)
                  | [Felid growth]
  3669 | D:3      | Reached XP level 6. HP: 19/28 MP: 13/13
  4478 | D:4      | Learned a level 5 spell: Irradiate
  4632 | D:4      | Reached skill level 5 in Spellcasting
  4632 | D:4      | Reached skill level 6 in Conjurations
  4632 | D:4      | Reached skill level 1 in Alchemy
  4632 | D:4      | Reached XP level 7. HP: 32/32 MP: 9/15
  4780 | D:4      | Found a staircase to the Ecumenical Temple.
  4787 | Temple   | Entered the Ecumenical Temple
  4796 | Temple   | Became a worshipper of Vehumet
  4938 | D:5      | Entered Level 5 of the Dungeon
  5042 | D:5      | Slain by a water moccasin
  5042 | D:5      | Lost a life (1 life remaining)
  5340 | D:5      | Found a sand-covered staircase.
  5349 | Ossuary  | Entered an ossuary
  5729 | Ossuary  | Reached * piety under Vehumet
  5729 | Ossuary  | Offered knowledge of Freeze by Vehumet.
  5937 | Ossuary  | Reached XP level 8. HP: 35/36 MP: 8/17
  5937 | Ossuary  | Gained a life (2 lives remaining)
  6660 | Ossuary  | Reached skill level 7 in Conjurations
  7760 | D:6      | Reached ** piety under Vehumet
  7877 | D:6      | Offered knowledge of Kiss of Death by Vehumet.
  8042 | D:6      | Reached XP level 9. HP: 30/39 MP: 20/20
  8285 | D:6      | Reached skill level 5 in Alchemy
  8313 | D:6      | Noticed Maggie
  8324 | D:6      | Killed Maggie
  8325 | D:6      | Reached skill level 8 in Conjurations
  9138 | D:7      | Offered knowledge of Static Discharge by Vehumet.
  9387 | D:7      | Reached *** piety under Vehumet
  9473 | D:7      | Found Apsubo's Serpentskin Sales.
 10284 | D:8      | Reached XP level 10. HP: 44/44 MP: 23/23
 10287 | D:8      | Reached skill level 9 in Conjurations
 10887 | D:9      | Noticed a two-headed ogre
 11084 | D:9      | Killed a two-headed ogre
 11187 | D:9      | Noticed Pikel
 11370 | D:9      | Reached skill level 10 in Conjurations
 11453 | D:9      | Offered knowledge of Brom's Barrelling Boulder by Vehumet.
 11579 | D:9      | Found a staircase to the Lair.
 11692 | D:9      | Killed Pikel
 11693 | D:9      | Reached skill level 10 in Spellcasting
 11931 | D:9      | Noticed a skeletal warrior
 11936 | D:9      | Noticed a skeletal warrior
 12055 | D:9      | Noticed a skeletal warrior
 12055 | D:9      | Noticed a skeletal warrior
 12153 | Lair:1   | Entered Level 1 of the Lair of Beasts
 12373 | Lair:1   | Reached **** piety under Vehumet
 12387 | Lair:1   | Noticed a cane toad
 12396 | Lair:1   | Killed a cane toad
 12397 | Lair:1   | Reached XP level 11. HP: 36/47 MP: 18/26
 12428 | Lair:1   | Reached skill level 11 in Conjurations
 12564 | Lair:1   | Offered knowledge of Ignite Poison by Vehumet.
 13306 | Lair:1   | Identified a scroll of acquirement
 13306 | Lair:1   | Acquired the Folio of Unstable Lava
 13315 | Lair:1   | Learned a level 6 spell: Starburst
 13325 | Lair:1   | Reached skill level 12 in Conjurations
 13390 | Lair:2   | Noticed a death yak
 13390 | Lair:2   | Noticed a death yak
 13390 | Lair:2   | Noticed a death yak
 13390 | Lair:2   | Noticed a death yak
 13392 | Lair:2   | Reached skill level 1 in Fire Magic
 13407 | Lair:2   | Mangled by a komodo dragon
 13407 | Lair:2   | Lost a life (1 life remaining)
 13439 | Lair:1   | Killed a death yak
 13444 | Lair:1   | Killed a death yak
 13583 | Lair:1   | Killed a death yak
 13645 | Lair:2   | Killed a death yak
 14070 | Lair:2   | Reached skill level 13 in Conjurations
 14141 | Lair:2   | Reached skill level 5 in Fire Magic
 14241 | Lair:2   | Gained mutation: Your thick and shaggy fur keeps you warm.
                  | (AC +3, rC+) [Felid growth]
 14241 | Lair:2   | Reached XP level 12. HP: 51/51 MP: 27/27
 14241 | Lair:2   | Gained a life (2 lives remaining)
 14688 | Lair:2   | Found a staircase to the Swamp.
 14704 | Lair:2   | Reached ***** piety under Vehumet
 14919 | Lair:2   | Found a staircase to the Snake Pit.
 15776 | Lair:3   | Offered knowledge of Freezing Cloud by Vehumet.
 16178 | Lair:3   | Noticed a boulder beetle
 16201 | Lair:3   | Killed a boulder beetle
 16202 | Lair:3   | Reached skill level 14 in Conjurations
 16271 | Lair:3   | Noticed a boulder beetle
 16284 | Lair:3   | Killed a boulder beetle
 16459 | Lair:3   | Noticed Josephine
 16462 | Lair:3   | Killed Josephine
 16882 | Lair:3   | Noticed a six-headed hydra
 16893 | Lair:3   | Killed a six-headed hydra
 17165 | Lair:4   | Gained mutation: Your flesh is heat resistant. (rF+)
                  | [mutagenic glow]
 17583 | Lair:4   | Reached XP level 13. HP: 55/55 MP: 26/28
 17822 | Lair:4   | Found a runed translucent door.
 17824 | Lair:4   | Noticed Qiar's ghost (journeyman DsGl)
 17824 | Lair:4   | Identified the +1 trident of Past Mistakes {heavy, +Blink
                  | rCorr}
 17963 | Lair:4   | Noticed a quicksilver ooze
 17968 | Lair:4   | Killed a quicksilver ooze
 18336 | Lair:4   | Reached skill level 15 in Conjurations
 18663 | Lair:5   | Entered Level 5 of the Lair of Beasts
 18998 | Lair:5   | Reached skill level 10 in Fire Magic
 19006 | Lair:5   | Offered knowledge of Iskenderun's Battlesphere by Vehumet.
 19704 | Lair:4   | Learned a level 5 spell: Iskenderun's Battlesphere
 20308 | Lair:5   | Reached skill level 16 in Conjurations
 20784 | Lair:5   | Found a staircase to the Slime Pits.
 20785 | Lair:5   | Found a viscous altar of Jiyva.
 20791 | Lair:5   | Reached XP level 14. HP: 52/59 MP: 28/29
 22766 | D:10     | Entered Level 10 of the Dungeon
 22935 | D:10     | Found an ancient bone altar of Kikubaaqudgha.
 23361 | D:10     | Offered knowledge of Lee's Rapid Deconstruction by Vehumet.
 23771 | D:10     | Found a transporter.
 23774 | D:10     | Noticed 1lSu2w's ghost (journeyman HuHu)
 23812 | D:10     | Found a transporter.
 24913 | D:12     | Found a staircase to the Orcish Mines.
 25124 | D:12     | Noticed Nessos
 25125 | D:12     | Nessos changed into Nessos the glass eye
 25125 | D:12     | Noticed Nessos
 25129 | D:12     | Killed Nessos the glass eye
 25323 | Orc:1    | Entered Level 1 of the Orcish Mines
 25517 | Orc:1    | Found an ornate altar of the Wu Jian Council.
 25518 | Orc:1    | Found a transporter.
 25614 | Orc:1    | Found a transporter.
 25741 | Orc:1    | Found a transporter.
 25762 | Orc:1    | Found a transporter.
 25763 | Orc:1    | Found an ornate altar of the Wu Jian Council.
 25763 | Orc:1    | Noticed an orc warlord
 26104 | Orc:2    | Entered Level 2 of the Orcish Mines
 26115 | Orc:2    | Found a staircase to the Elven Halls.
 26568 | Orc:2    | Reached skill level 17 in Conjurations
 27185 | Orc:2    | Offered knowledge of Spellforged Servitor by Vehumet.
 28467 | Orc:2    | Found Foret's Antique Weapon Shoppe.
 28467 | Orc:2    | Found Ecvidgh's Weapon Shoppe.
 28468 | Orc:2    | Found Soni's Magic Scroll Emporium.
 28468 | Orc:2    | Found Tycassot's Book Shoppe.
 28476 | Orc:2    | Bought a scroll of teleportation for 51 gold pieces
 28476 | Orc:2    | Bought a scroll of teleportation for 51 gold pieces
 28666 | D:13     | Found a portal to a secret trove of treasure.
 29024 | Snake:1  | Entered Level 1 of the Snake Pit
 29251 | Snake:1  | Reached XP level 15. HP: 44/63 MP: 13/30
 29735 | Snake:1  | Found Wuemyoq's Magic Scroll Shop.
 29741 | Snake:1  | Bought a scroll of blinking for 105 gold pieces
 29741 | Snake:1  | Bought a scroll of teleportation for 42 gold pieces
 29741 | Snake:1  | Bought a scroll of teleportation for 42 gold pieces
 30097 | Snake:2  | Shot with an arrow by a naga sharpshooter
 30097 | Snake:2  | Lost a life (1 life remaining)
 30109 | Snake:2  | Noticed a nagaraja
 30115 | Snake:2  | Killed a nagaraja
 30694 | Snake:2  | Noticed a nagaraja
 30697 | Snake:2  | Killed a nagaraja
 30698 | Snake:2  | Reached skill level 18 in Conjurations
 30823 | Snake:2  | Found a hazy altar of Hepliaklqana.
 30845 | Snake:2  | Noticed Girthnturf's ghost (adept DsFi)
 31258 | Snake:2  | Acquired the ring of Ywkairof {Wiz rC+ MP+9}
 31276 | Snake:2  | Learned a level 9 spell: Fire Storm
 31454 | Snake:2  | Found a runed translucent gate.
 31455 | Snake:2  | Found a runed translucent gate.
 31456 | Snake:2  | Found a runed translucent gate.
 31976 | Snake:2  | Noticed a nagaraja
 31982 | Snake:2  | Killed a nagaraja
 32316 | Snake:3  | Noticed a nagaraja
 32322 | Snake:3  | Killed a nagaraja
 33030 | Snake:3  | Offered knowledge of Yara's Violent Unravelling by Vehumet.
 33397 | D:13     | Shot with an arrow by a centaur warrior
 33397 | D:13     | Lost a life (0 lives remaining)
 33908 | D:13     | Reached skill level 15 in Fire Magic
 35150 | D:14     | Reached XP level 16. HP: 62/67 MP: 20/31
 35150 | D:14     | Gained a life (1 life remaining)
 35518 | D:14     | Reached skill level 19 in Conjurations
 36189 | D:14     | Found a gate to the Vaults.
 36556 | D:15     | Entered Level 15 of the Dungeon
 36889 | D:15     | Found Nolecler's Jewellery Shop.
 36927 | D:15     | Found a gate leading to a gauntlet.
 36939 | Gauntlet | Entered a Gauntlet
 36939 | Gauntlet | Found a transporter.
 36949 | Gauntlet | Found a transporter.
 36964 | Gauntlet | Found a transporter.
 36969 | Gauntlet | Found a transporter.
 36984 | Gauntlet | Found a transporter.
 37003 | Gauntlet | Found a transporter.
 37015 | Gauntlet | Found a transporter.
 37027 | Gauntlet | Found a transporter.
 37039 | Gauntlet | Found a transporter.
 37045 | Gauntlet | Found a transporter.
 37060 | Gauntlet | Found a transporter.
 37077 | Gauntlet | Found a transporter.
 37097 | Gauntlet | Found a transporter.
 37099 | Gauntlet | Found a runed translucent gate.
 37099 | Gauntlet | Found a runed translucent gate.
 37099 | Gauntlet | Found a runed translucent gate.
 37107 | Gauntlet | Found a large runed translucent door.
 37107 | Gauntlet | Found a large runed translucent door.
 37107 | Gauntlet | Found a large runed translucent door.
 37107 | Gauntlet | Found a large runed translucent door.
 37108 | Gauntlet | Found a large runed translucent door.
 37108 | Gauntlet | Found a large runed translucent door.
 37109 | Gauntlet | Found a large runed translucent door.
 37109 | Gauntlet | Found a large runed translucent door.
 37110 | Gauntlet | Found a large runed translucent door.
 37110 | Gauntlet | Found a large runed translucent door.
 37110 | Gauntlet | Found a runed translucent door.
 37110 | Gauntlet | Found a runed translucent door.
 37111 | Gauntlet | Found a large runed translucent door.
 37112 | Gauntlet | Found a large runed translucent door.
 37121 | Gauntlet | Found a large runed translucent door.
 37121 | Gauntlet | Found a large runed translucent door.
 37122 | Gauntlet | Found a large runed translucent door.
 37123 | Gauntlet | Found a large runed translucent door.
 37123 | Gauntlet | Found a transporter.
 37125 | Gauntlet | Found a transporter.
 37145 | Gauntlet | Found a transporter.
 37280 | Gauntlet | Found a transporter.
 37390 | Gauntlet | Found a transporter.
 37629 | Gauntlet | Identified the amulet of the Frog {rN+ Regen+ Str+4}
 37721 | Gauntlet | Identified the +2 troll leather armour "Ywkettif" {Regen+
                  | Str+3}
 38145 | D:15     | Found a sacrificial altar of Ru.
 38271 | D:15     | Found a shimmering blue altar of Sif Muna.
 38548 | D:15     | Found a staircase to the Depths.
 40500 | Snake:3  | Offered knowledge of Orb of Destruction by Vehumet.
 40990 | Snake:3  | Reached skill level 20 in Conjurations
 41720 | Snake:4  | Entered Level 4 of the Snake Pit
 42310 | Snake:4  | Noticed Roxanne
 42320 | Snake:4  | Killed Roxanne
 42845 | D:15     | Bought a dragon-blood talisman for 1020 gold pieces
 43588 | Snake:4  | Reached XP level 17. HP: 49/70 MP: 26/32
 43588 | Snake:4  | Gained a life (2 lives remaining)
 43592 | Snake:4  | HP: 2/70 [poisoned by a naga ritualist (toxic radiance)]
 43592 | Snake:4  | Killed from afar by a naga ritualist
 43592 | Snake:4  | Lost a life (1 life remaining)
 46567 | Snake:4  | Found Bootyd's General Store.
 46865 | Snake:4  | Offered knowledge of Ozocubu's Refrigeration by Vehumet.
 47503 | Snake:4  | Reached skill level 21 in Conjurations
 47864 | Snake:4  | Got a serpentine rune of Zot
 48256 | Swamp:1  | Entered Level 1 of the Swamp
 49000 | Swamp:1  | Found a runed translucent gate.
 49002 | Swamp:1  | Found a runed translucent gate.
 49100 | Swamp:1  | Noticed 10x100sm's ghost (adept FoFi)
 49172 | Swamp:1  | Found a runed translucent gate.
 50607 | Swamp:3  | Reached XP level 18. HP: 74/74 MP: 9/33
 51506 | Swamp:3  | Got the Atlas of the Hypothermic Squall
 51866 | Swamp:4  | Entered Level 4 of the Swamp
 51866 | Swamp:4  | Noticed Donald
 51890 | Swamp:4  | Noticed Bai Suzhen
 51893 | Swamp:4  | Killed Bai Suzhen
 52511 | Swamp:4  | Killed Donald
 52520 | Swamp:4  | Reached ****** piety under Vehumet
 52521 | Swamp:4  | Offered knowledge of Shatter by Vehumet.
 52521 | Swamp:4  | Offered knowledge of Chain Lightning by Vehumet.
 52521 | Swamp:4  | Offered knowledge of Maxwell's Capacitive Coupling by
                  | Vehumet.
 52672 | Swamp:4  | Reached skill level 22 in Conjurations
 53742 | Swamp:4  | Got a decaying rune of Zot
 54131 | Elf:1    | Entered Level 1 of the Elven Halls
 55204 | Elf:1    | Found Pyuf's Jewellery Shoppe.
 55204 | Elf:1    | Found Icsyz's Book Boutique.
 55205 | Elf:1    | Found Xeal's Book Boutique.
 55494 | Elf:1    | Got Sif Muna's Book of the Magi
 55497 | Elf:1    | Got Ciec's Compilation of Intimidation
 55508 | Elf:1    | Got the Treatise on Peregrination
 55956 | Elf:2    | Reached XP level 19. HP: 78/78 MP: 33/34
 55956 | Elf:2    | Gained a life (2 lives remaining)
 56524 | Elf:2    | Acquired the ring "Nanualof" {rC++ Str+6}
 56797 | Elf:2    | Found a runed translucent gate.
 56797 | Elf:2    | Found a runed translucent gate.
 56797 | Elf:2    | Found a runed translucent gate.
 57158 | Elf:2    | Learned a level 2 spell: Blink
 57841 | Elf:2    | Reached skill level 23 in Conjurations
 58275 | Elf:2    | Learned a level 9 spell: Shatter
 58276 | Elf:3    | Entered Level 3 of the Elven Halls
 58581 | Elf:3    | Reached skill level 1 in Earth Magic
 58967 | Elf:3    | Found Wamuvvoc's Book Shop.
 59206 | Elf:3    | Identified the +0 leather armour of Puklon {Rampage Will+}
 59526 | Elf:3    | Identified the amulet of Doors {Reflect rElec rCorr SH+5}
                  | (You took it off a deep elf annihilator on level 3 of the
                  | Elven Halls)
 59918 | Elf:3    | Identified the +0 plate armour of Dishonesty {rN+ Str-2
                  | Dex+3 Slay+2}
 59918 | Elf:3    | Identified the ring of Suggop {Fly rF- rC+ EV+5 Dex+3}
 59927 | Elf:3    | Identified the +6 mace "Lorem Ipsum" {elec, rC+}
 60082 | Elf:3    | Identified the +2 pair of gloves of Buisur {-Tele Rampage
                  | rElec}
 60120 | Elf:3    | Identified the serpent talisman of Ashenzari's Pride {rN+
                  | Will+ Str+4 Dex-5}
 60274 | Elf:1    | Found an ancient bone altar of Kikubaaqudgha.
 60479 | Vaults:1 | Entered Level 1 of the Vaults
 60521 | Vaults:1 | Noticed Asterion
 60524 | Vaults:1 | Killed Asterion
 60525 | Vaults:1 | Reached XP level 20. HP: 82/82 MP: 24/36
 60779 | Vaults:1 | Reached skill level 5 in Earth Magic
 60779 | Vaults:1 | Reached skill level 1 in Shapeshifting
 61328 | Vaults:1 | Found a runed translucent gate.
 61329 | Vaults:1 | Found a runed translucent gate.
 61329 | Vaults:1 | Found a runed translucent gate.
 61330 | Vaults:1 | Noticed Busi's ghost (adept CeHu)
 61925 | Vaults:1 | Identified the +0 scale mail of the Lily {Dex+7}
 64031 | Vaults:2 | Reached skill level 5 in Shapeshifting
 66330 | Vaults:3 | Reached XP level 21. HP: 86/86 MP: 38/39
 66593 | Vaults:3 | Found Kuhith's Weapon Emporium.
 67787 | Vaults:3 | Found a staircase to the Crypt.
 68542 | Vaults:4 | Identified the orb of the Forging Gods {*channel, Stlth+
                  | Air}
 68542 | Vaults:4 | Noticed Frederick
 68670 | Vaults:4 | Killed Frederick
 68909 | Vaults:4 | Identified the scarf of Good Intentions {repulsion, rPois
                  | rC+ Dex+2}
 70159 | Vaults:4 | Found Qofommap's General Store.
 70167 | Vaults:4 | Bought 2 scrolls of blinking for 210 gold pieces
 70167 | Vaults:4 | Bought a potion of curing for 42 gold pieces
 70571 | Vaults:5 | Entered Level 5 of the Vaults
 70573 | Vaults:5 | Reached skill level 10 in Earth Magic
 70866 | Crypt:1  | Entered Level 1 of the Crypt
 71559 | Crypt:1  | Slain by a spectral spriggan defender
 71559 | Crypt:1  | Lost a life (1 life remaining)
 72619 | Crypt:2  | Reached skill level 15 in Spellcasting
 72620 | Crypt:2  | Reached XP level 22. HP: 90/90 MP: 42/42
 72620 | Crypt:2  | Gained a life (2 lives remaining)
 73371 | Crypt:2  | Identified the +4 chain mail of the Heavens {Fly Dex+2}
 74752 | Crypt:2  | Identified the +0 scale mail of Nubroist {Dex+7}
 74927 | Crypt:3  | Entered Level 3 of the Crypt
 75116 | Crypt:3  | Noticed a curse toe
 75408 | Crypt:3  | Killed a curse toe
 75960 | Crypt:3  | Noticed Mennas
 75967 | Crypt:3  | Killed Mennas
 76220 | Crypt:3  | Found a huge runed translucent gate.
 76220 | Crypt:3  | Found a huge runed translucent gate.
 76220 | Crypt:3  | Found a huge runed translucent gate.
 76220 | Crypt:3  | Found a huge runed translucent gate.
 76220 | Crypt:3  | Found a huge runed translucent gate.
 76220 | Crypt:3  | Found a huge runed translucent gate.
 76222 | Crypt:3  | Found a huge runed translucent gate.
 76240 | Crypt:3  | Found a huge runed translucent gate.
 76240 | Crypt:3  | Found a huge runed translucent gate.
 76240 | Crypt:3  | Found a huge runed translucent gate.
 76242 | Crypt:3  | Found a huge runed translucent gate.
 76242 | Crypt:3  | Found a huge runed translucent gate.
 76243 | Crypt:3  | Found a huge runed translucent gate.
 76243 | Crypt:3  | Found a huge runed translucent gate.
 76244 | Crypt:3  | Found a huge runed translucent gate.
 76244 | Crypt:3  | Found a huge runed translucent gate.
 76244 | Crypt:3  | Found a huge runed translucent gate.
 76255 | Crypt:3  | Identified the +6 quarterstaff of the Ageless Hells {venom,
                  | rN+++ Will- Int+5}
 76673 | Crypt:3  | Found a staircase to the Tomb.
 76723 | Crypt:3  | Found a huge runed translucent gate.
 76723 | Crypt:3  | Found a huge runed translucent gate.
 76723 | Crypt:3  | Found a huge runed translucent gate.
 76723 | Crypt:3  | Found a huge runed translucent gate.
 76723 | Crypt:3  | Found a huge runed translucent gate.
 76723 | Crypt:3  | Found a huge runed translucent gate.
 76723 | Crypt:3  | Noticed an ancient lich
 76724 | Crypt:3  | Found a huge runed translucent gate.
 76724 | Crypt:3  | Found a huge runed translucent gate.
 76727 | Crypt:3  | Noticed a dread lich
 76729 | Crypt:3  | Found a huge runed translucent gate.
 76730 | Crypt:3  | Found a huge runed translucent gate.
 76731 | Crypt:3  | Found a huge runed translucent gate.
 76732 | Crypt:3  | Found a huge runed translucent gate.
 76733 | Crypt:3  | Found a huge runed translucent gate.
 76733 | Crypt:3  | Found a huge runed translucent gate.
 76733 | Crypt:3  | Found a huge runed translucent gate.
 76733 | Crypt:3  | Found a huge runed translucent gate.
 76733 | Crypt:3  | Found a huge runed translucent gate.
 76733 | Crypt:3  | Found a huge runed translucent gate.
 76738 | Crypt:3  | Found a huge runed translucent gate.
 76800 | Crypt:3  | Found the +3 Elemental Staff {ele, rElec rF+ rC+ AC+3}
 77048 | Crypt:3  | Noticed a dread lich
 77048 | Crypt:3  | Noticed a dread lich
 77048 | Crypt:3  | Noticed an ancient lich
 77053 | Crypt:3  | Reached skill level 10 in Shapeshifting
 77053 | Crypt:3  | Killed a dread lich
 77102 | Crypt:3  | Killed a dread lich
 77102 | Crypt:3  | Killed an ancient lich
 77106 | Crypt:3  | Got the Grimoire of the Lofty Mantle
 77120 | Crypt:3  | Identified the staff "Vaxujuol" {rF- rC+ rN+ Earth Alchemy}
 77436 | Depths:1 | Entered Level 1 of the Depths
 77786 | Depths:1 | Found a gateway to Hell.
 78290 | Depths:1 | Found Ingisem's General Store.
 78298 | Depths:1 | Bought a potion of heal wounds for 90 gold pieces
 78298 | Depths:1 | Bought a potion of haste for 180 gold pieces
 78298 | Depths:1 | Bought a potion of heal wounds for 90 gold pieces
 78298 | Depths:1 | Bought a potion of magic for 144 gold pieces
 78407 | Depths:1 | Found a hide-covered altar of Uskayaw.
 80306 | Depths:2 | Found a one-way gate leading to the halls of Pandemonium.
 80383 | Depths:2 | Found a hazy altar of Hepliaklqana.
 80907 | Depths:2 | Got the Tome of Displacement and Contamination
 80930 | Depths:2 | Reached XP level 23. HP: 93/93 MP: 38/44
 82156 | Depths:3 | Found a one-way gate to the infinite horrors of the Abyss.
 83753 | Depths:3 | Identified the +8 flail of the Sixty-Six Spirits {freeze,
                  | *Noise Int+8 Dex+3 Stlth-}
 84486 | Depths:4 | Entered Level 4 of the Depths
 85736 | Depths:4 | Found an ornate altar of the Wu Jian Council.
 86047 | Depths:4 | Found a one-way gateway to a ziggurat.
 86173 | Depths:4 | Found a gate to the Realm of Zot.
 86361 | Depths:4 | Learned a level 8 spell: Ignition
 86362 | Zig:1    | Entered Level 1 of a ziggurat
 86438 | Zig:2    | Entered Level 2 of a ziggurat
 86441 | Zig:2    | Noticed Vuqunt the pandemonium lord
 86444 | Zig:2    | Killed Vuqunt the pandemonium lord
 86520 | Zig:3    | Entered Level 3 of a ziggurat
 86598 | Zig:4    | Entered Level 4 of a ziggurat
 86600 | Zig:4    | Noticed an orb of fire
 86600 | Zig:4    | Gained mutation: Your health recovers twice as slowly from
                  | being drained. [an orb of fire]
 86608 | Zig:4    | Killed an orb of fire
 86868 | Zig:5    | Entered Level 5 of a ziggurat
 87081 | Zig:6    | Entered Level 6 of a ziggurat
 87233 | Zig:6    | Reached XP level 24. HP: 98/98 MP: 45/45
 87242 | Zig:7    | Entered Level 7 of a ziggurat
 87277 | Zig:8    | Entered Level 8 of a ziggurat
 87470 | Zig:8    | Identified the ring of Qazlal's Approval {Wiz *Corrode Fly
                  | rN+++ MP+9}
 87479 | Zig:9    | Entered Level 9 of a ziggurat
 87486 | Zig:9    | Found the +8 autumn katana {manifold assault}
 87516 | Zig:9    | Identified the staff "Transmigrator" {rElec Dex+2 SInv
                  | Stlth+ Air}
 87520 | Zig:9    | Identified the +3 mace "Ugidghou" {elec, Str-4 Int+2 SInv}
 87523 | Zig:9    | Got the Tractate on Macabre Anathema
 87537 | Zig:9    | Identified the +0 giant club of Iconoclasm {freeze, rElec
                  | rPois Stlth-}
 87541 | Zig:10   | Entered Level 10 of a ziggurat
 87551 | Zig:10   | Reached skill level 15 in Earth Magic
 87551 | Zig:10   | Reached XP level 25. HP: 101/101 MP: 46/46
 87565 | Zig:10   | Got the Incunable of Distant Worlds
 87605 | Zig:11   | Entered Level 11 of a ziggurat
 87701 | Zig:11   | Got the Parchment of the Molten Sarcophagus
 87717 | Zig:11   | Learned a level 9 spell: Chain Lightning
 87718 | Zig:12   | Entered Level 12 of a ziggurat
 87726 | Zig:12   | Reached skill level 1 in Air Magic
 87788 | Zig:12   | Reached XP level 26. HP: 105/105 MP: 46/46
 87801 | Zig:12   | Reached XP level 27. HP: 109/109 MP: 46/46
 87818 | Zig:13   | Entered Level 13 of a ziggurat
 87824 | Zig:13   | Noticed Pec Iss's ghost (legendary BaAr)
 87827 | Zig:13   | Noticed Yxuenos's ghost (legendary DsFi)
 87827 | Zig:13   | Noticed Boycipp's ghost (legendary DsFi)
 87827 | Zig:13   | Noticed Kinoajidouf's ghost (master HOBe)
 87828 | Zig:13   | Noticed Tibbeudu's ghost (legendary DjCj)
 87828 | Zig:13   | Noticed Yxuenos's ghost (legendary DsFi)
 87828 | Zig:13   | Noticed Atufasha's ghost (legendary DDBr)
 87828 | Zig:13   | Noticed Siupsuvve's ghost (veteran MiBe)
 87828 | Zig:13   | Noticed Pec Iss's ghost (legendary BaAr)
 87833 | Zig:13   | HP: 1/109 [Pec Iss's ghost[an orange crystal statue] (27)]
 87833 | Zig:13   | Mangled by Boycipp's ghost
 87833 | Zig:13   | Lost a life (1 life remaining)
 87850 | Zig:13   | Killed Boycipp's ghost
 87850 | Zig:13   | Killed Yxuenos's ghost
 87860 | Zig:13   | Killed Yxuenos's ghost
 87861 | Zig:13   | Killed Kinoajidouf's ghost
 87870 | Zig:13   | Slain by a wandering mushroom
 87870 | Zig:13   | Lost a life (0 lives remaining)
 87871 | Zig:13   | Killed Tibbeudu's ghost
 87872 | Zig:13   | Reached skill level 5 in Air Magic
 87894 | Zig:13   | Identified the +7 morningstar of the Evil Eye {elec, *Rage
                  | Int+3 Dex+5}
 87905 | Zig:13   | Identified the +2 sling "Gitat" {flame, rF+ rN+ Str+2}
 88188 | Vaults:5 | Identified the amulet of Reomutoch {Spirit Dex+3}
 88337 | Vaults:5 | Noticed a dread lich
 88339 | Vaults:5 | Killed a dread lich
 88700 | Vaults:4 | Lost mutation: Your flesh is heat resistant. (rF+) [potion
                  | of mutation]
 88700 | Vaults:4 | Lost mutation: Your health recovers twice as slowly from
                  | being drained. [potion of mutation]
 88700 | Vaults:4 | Gained mutation: You are weak. (Str -2) [potion of
                  | mutation]
 88700 | Vaults:4 | Gained mutation: You occasionally lose the ability to drink
                  | potions when taking damage. [potion of mutation]
 88701 | Vaults:4 | Lost mutation: You occasionally lose the ability to drink
                  | potions when taking damage. [potion of mutation]
 88701 | Vaults:4 | Lost mutation: You are weak. (Str -2) [potion of mutation]
 88701 | Vaults:4 | Gained mutation: You are partially covered in iridescent
                  | scales. (AC +2) [potion of mutation]
 89055 | Vaults:5 | Found Ryman's Jewellery Shoppe.
 89055 | Vaults:5 | Found the +3 salamander hide armour {Flames, rFlCloud rF++
                  | rC--}
 89661 | Vaults:5 | Identified the +5 hand axe of the Lesser Evil {pain, *Noise
                  | MP+9 Int+3}
 89663 | Vaults:5 | Bought a storm talisman for 1600 gold pieces
 89663 | Vaults:5 | Bought an amulet of magic regeneration for 600 gold pieces
 90054 | Vaults:5 | Identified the ring "Pinwesse" {rElec MP+9 Dex+4 Stlth+}
 90078 | Vaults:5 | Got the Folio of the Mausoleum
 90394 | Vaults:5 | Got a silver rune of Zot
 90557 | Vaults:5 | Identified the +0 helmet of Whack-A-Mole {rN+++}
 90622 | Vaults:5 | Found the sphere of Battle
 91188 | Zot:1    | Entered Level 1 of the Realm of Zot
 91262 | Zot:1    | Reached skill level 15 in Shapeshifting
 93023 | Zot:1    | Gained a life (1 life remaining)
 93176 | Zot:1    | Identified the +6 rapier of the Pits of Slime {spect, Str-3
                  | Dex+7}
 93215 | Zot:1    | Identified the +6 rapier of the Pits of Slime {spect, Str-3
                  | Dex+7} (You took it off a draconian stormcaller on level 1
                  | of the Realm of Zot)
 93691 | Zot:1    | Noticed Vv
 94258 | Zot:1    | Killed from afar by Vv
 94258 | Zot:1    | Lost a life (0 lives remaining)
 94361 | Zot:1    | Killed Vv
 94867 | Zot:1    | Identified the +0 scale mail of Tesuwog {MP+9 Str+5}
 95355 | Zot:1    | Learned a level 8 spell: Disjunction
 95359 | Zot:1    | Learned a level 2 spell: Sublimation of Blood
 96179 | Zot:2    | Reached skill level 10 in Air Magic
 96601 | Zot:2    | Found a stormy altar of Qazlal.
 98922 | Zot:3    | Found a runed translucent gate.
 98923 | Zot:3    | Found a runed translucent gate.
 98923 | Zot:3    | Found a runed translucent gate.
 98923 | Zot:3    | Noticed Plog's ghost (legendary FoHu)
 98927 | Zot:3    | Found a viscous altar of Jiyva.
 98937 | Zot:3    | HP: 8/163 [Plog's ghost/Olgreb's Toxic Radiance (5)]
 98940 | Zot:3    | Killed Plog's ghost
 99309 | Zot:3    | Identified the +2 helmet "Hesah" {Str+5 Dex+4 Stlth-}
100461 | Zot:4    | Noticed an ancient lich
100464 | Zot:4    | Killed an ancient lich
100840 | Zot:4    | Found a runed translucent door.
100950 | Zot:4    | Identified the ring "Zumiol" {Fire Int+5 Dex-2}
101499 | Zot:4    | Noticed sekai's ghost (legendary AtFi)
101635 | Zot:4    | Killed sekai's ghost
101854 | Zot:5    | Entered Level 5 of the Realm of Zot
101856 | Zot:5    | Noticed a dread lich
102351 | Zot:5    | Noticed an orb of fire
102355 | Zot:5    | Noticed an orb of fire
102356 | Zot:5    | Gained mutation: You have hidden genetic defects. [an orb
                  | of fire]
102360 | Zot:4    | Killed an orb of fire
102574 | Zot:4    | Lost mutation: You are partially covered in iridescent
                  | scales. (AC +2) [potion of mutation]
102574 | Zot:4    | Lost mutation: You have hidden genetic defects. [potion of
                  | mutation]
102574 | Zot:4    | Gained mutation: You have a pair of small antennae on your
                  | head. [potion of mutation]
102574 | Zot:4    | Gained mutation: You are strong-willed. (Will+) [potion of
                  | mutation]
102574 | Zot:4    | Gained mutation: Your flesh is cold resistant. (rC+)
                  | [potion of mutation]
102619 | Zot:5    | Killed a dread lich
102620 | Zot:5    | Gained a life (1 life remaining)
102819 | Zot:5    | Killed an orb of fire
103227 | Zot:5    | Noticed an orb of fire
103235 | Zot:5    | Killed an orb of fire
103235 | Zot:5    | Killed from afar by an electric golem
103235 | Zot:5    | Lost a life (0 lives remaining)
103321 | Zot:5    | Found a runed translucent gate.
103321 | Zot:5    | Found a runed translucent gate.
103322 | Zot:5    | Noticed Jyfueq's ghost (master GrHu)
103323 | Zot:5    | Found a runed translucent gate.
103323 | Zot:5    | Noticed an ancient lich
103324 | Zot:5    | Found an ancient bone altar of Kikubaaqudgha.
103324 | Zot:5    | Noticed a dread lich
103325 | Zot:5    | Noticed a dread lich
103325 | Zot:5    | Noticed a dread lich
104140 | Zot:5    | Killed a dread lich
104141 | Zot:5    | Killed a dread lich
104141 | Zot:5    | Killed an ancient lich
104143 | Zot:5    | Killed a dread lich
104145 | Zot:5    | Killed Jyfueq's ghost
104152 | Zot:5    | Identified the ring "Piasa" {rElec rPois}
104162 | Zot:5    | Got Kikubaaqudgha's Guidebook on Caskets
104634 | Slime:1  | Entered Level 1 of the Pits of Slime
105904 | Slime:5  | Entered Level 5 of the Pits of Slime
105925 | Slime:5  | Noticed the Royal Jelly
105931 | Slime:5  | Killed the Royal Jelly
105993 | Slime:5  | Noticed Dissolution
105996 | Slime:5  | Killed Dissolution
106235 | Slime:5  | Identified the ring "Munaenk" {rElec rPois rN+ Stlth+}
106249 | Slime:5  | Got the Handbook of the Bloodied Wayfarer
106251 | Slime:5  | Got a slimy rune of Zot
106294 | Slime:5  | Identified the ring of Teduq {Fire rPois Str+3 Int-5}
106311 | Slime:5  | Identified the ring of Hepliaklqana's Fury {Str+6 Dex+4
                  | Slay+2}
106991 | Depths:3 | Voluntarily entered the Abyss.
107274 | Abyss:2  | Reached skill level 1 in Fighting
107396 | Abyss:3  | Found a corrupted altar of Lugonu.
107396 | Abyss:3  | Found a corrupted altar of Lugonu.
107405 | Abyss:3  | Got an abyssal rune of Zot
107409 | Depths:3 | Escaped the Abyss
107765 | Zot:5    | Got the Orb of Zot
107802 | Zot:5    | Learned a level 4 spell: Passage of Golubria
108099 | D:13     | Noticed Xoimmigi the pandemonium lord
108104 | D:13     | Killed Xoimmigi the pandemonium lord
108124 | D:12     | Reached skill level 5 in Dodging
108299 | D:3      | Noticed Nuittuiq the pandemonium lord
108304 | D:3      | Killed Nuittuiq the pandemonium lord
108394 | D:$      | Escaped with the Orb!

Illustrated notes

Levels and vault maps discovered:
D:1:      scummos_arrival_simple_fountains, layout_loops_corners
D:2:      layout_loops_ring, serial_shops, nicolae_shop_crystal,
          minmay_heptomino_l4
D:3:      layout_basic
D:4:      layout_cave_pods, temple_doors_ab
D:5:      layout_basic, mainiacjoe_ossuary_entry_dusty_tomb, kennysheep_dice
D:6:      minmay_chambers_of_threes, layout_rooms, uniq_maggie
D:7:      layout_basic, grunt_ministairs_5, guppyfry_shop_venom
D:8:      layout_basic
D:9:      layout_loops_cross, due_lair_maze_entry_diamond, uniq_pikel
D:10:     layout_basic, nicolae_overflow_crystal_walls,
          gammafunk_ghost_stat_death, minmay_nine_imps
D:11:     layout_rooms
D:12:     layout_loops_ring, orc_0_dummy, uniq_nessos
D:13:     minmay_crescents, layout_loops_ring, enter_trove_0
D:14:     layout_rooms, hellmonk_vaults_keyhole, serial_corexii_hall,
          chequers_hall_statues_y, chequers_hall_statues_y,
          corexii_hall_statues_x, chequers_hall_statues_corner_a
D:15:     grunt_enter_depths_giant_problem, layout_basic, serial_shops,
          nicolae_shop_gibbet_a_chance, serial_library,
          serial_library_hellmonk_small_alcove,
          serial_library_hellmonk_statue_hall,
          serial_library_hellmonk_reading_circle,
          serial_library_hellmonk_metal_room,
          serial_library_hellmonk_open_cross, gauntlet_entry_generic,
          hangedman_ru_absence
Temple:   grunt_wide_crystal_templ
Lair:1:   layout_chaotic_city, serial_bayou_shore_a, lemuel_fruit_fields,
          grunt_megastairs_5
Lair:2:   layout_regular_city, swamp_mist_pool,
          minmay_snake_entry_six_corridors, beast_lair_carwin_11
Lair:3:   layout_cave_pods, cheibrodos_lair_caveside_slide,
          nzn_sisyphean_effort, uniq_josephine
Lair:4:   layout_long_grid, ebering_ghost_funeral_grove,
          nicolae_lair_time_for_slime, serial_bayou_shore_b
Lair:5:   minmay_lair_end_frog_pond, layout_small_grid,
          minmay_slime_entry_pillars, serial_bayou_lagoon_b
Swamp:1:  layout_basic_swamp, gammafunk_ghost_hydra_chop,
          nicolae_swamp_reclaimed_castle, nicolae_swamp_decorative_isthmus
Swamp:2:  cheibrodos_swamp_tower_of_moss, layout_basic_swamp,
          nicolae_swamp_ascending_descending_big
Swamp:3:  layout_falls_marsh, nicolae_swamp_treefoil
Swamp:4:  swamp_basic_johnstein, layout_basic_swamp,
          infiniplex_staircase_pool_2, uniq_bai_suzhen, uniq_donald
Snake:1:  layout_onion_interference, minmay_shop_star
Snake:2:  layout_grid_maze, gammafunk_ghost_split, basic_altar,
          grunt_megastairs_3
Snake:3:  layout_honeycomb, nicolae_snake_omega
Snake:4:  grunt_snake_rune_spirals, layout_onion, serial_shops, shop,
          st_stairs_8, uniq_roxanne
Slime:1:  layout_caves, special_room [special_room_jelly]
Slime:2:  layout_caves, nicolae_slime_welcoming_committee
Slime:3:  layout_caves
Slime:4:  layout_caves, nicolae_slime_barrier
Slime:5:  slime_pit_nicolae_jellycorners, uniq_dissolution
Orc:1:    dreamdust_wu_jian_sword_trials, layout_diamond_mine
Orc:2:    st_orc_pillars, layout_caves
Elf:1:    layout_geoelf_diagonals, nicolae_elf_shapeshifter_party,
          lemuel_flamethrower_2, grunt_megastairs_2, minmay_shop_grove,
          lemuel_upstairs_altar
Elf:2:    nicolae_elf_blades_splatter_lattice [nicolae_blade_lattice],
          layout_geoelf_octagon
Elf:3:    grunt_elf_hall_asides, layout_rooms, serial_shops, shop
Vaults:1: gammafunk_ghost_spectres, nicolae_vaults_tetromino_L_1,
          nicolae_vaults_trapezoid_lopsided_4, nicolae_vaults_more_shelving_1,
          nicolae_vaults_security_offices_1, nicolae_vaults_trapezoid_4,
          layout_vaults_omnigrid, uniq_asterion
Vaults:2: dpeg_index_elf_rogue_hall, nicolae_vaults_puzzle_piece,
          v_alt_pattern_2, ontoclasm_vaults_hangar, nicolae_vaults_back_hallway,
          nicolae_vaults_offset_grid_hallway_3, nicolae_vaults_meiosis,
          v_pattern_4, layout_vaults_omnibox
Vaults:3: dpeg_vaults_monster_box, nicolae_vaults_storage_room_statues,
          v_misc_23, minmay_orc_keep, minmay_crypt_entry_skeletal_spiral,
          nicolae_vaults_windows_and_doors_thing, nicolae_vaults_rhombus_6,
          nicolae_vaults_triangles, nicolae_vaults_little_squares_2,
          vaults_mumra_hexcomb, ontoclasm_vaults_twist, layout_vaults_omnicross
Vaults:4: nicolae_vaults_trapezoid_2, v_misc_14, nicolae_vaults_ninety_degrees,
          nicolae_vaults_surprise_closet, nicolae_vaults_big_ls,
          nicolae_vaults_little_squares_5, nicolae_vaults_heart-shaped_vault,
          ontoclasm_vaults_loading_screen, vaults_room_semicircle,
          layout_vaults_chaotic_city, serial_shops, nicolae_shop_hallway_stairs,
          uniq_frederick
Vaults:5
Crypt:1:  layout_gridlike
Crypt:2:  layout_chaotic_city, weyrava_ghost_lake
Crypt:3:  david_glass_crypt, layout_gridlike, tomb_entry_shell_bobbens,
          door_vault, uniq_mennas
Depths:1: layout_cave_pools, serial_shops, shop, hell_entry,
          nicolae_uskayaw_suspiria, minmay_protected_statue,
          serial_bayou_shore_b
Depths:2: minmay_the_grid_octo_2x2 [minmay_the_grid_octo_empty,
          minmay_the_grid_octo_teeth, minmay_the_grid_octo_chip,
          minmay_the_grid_octo_prize_single_spiral], layout_basic,
          nicolae_hepliaklqana_hazy_memory, grunt_hell_entry_dis_mu,
          grunt_pan_entry_spiral, lightli_fourway_metalbox
Depths:3: minmay_octo_star, layout_gridlike, abyss_entry, nicolae_the_louvre,
          hell_entry, hangedman_decor_clover_reticule,
          infiniplex_staircase_river
Depths:4: grunt_twist_and_shout, layout_honeycomb, enter_ziggurat_f,
          abyss_entry_glasseish, hangedman_geh_valley,
          nicolae_wu_jian_immortal_techniques
Zot:1:    bobbens_index_wilting_gardens, layout_concentric_octagons, uniq_vv
Zot:2:    layout_cathedral_of_symmetry, regret_index_zotdec_storm_pass,
          regret_index_zotdec_twisting_globes
Zot:3:    layout_basic, regret_index_zotdec_carving_tricks,
          gammafunk_ghost_ooze, grunt_ministairs_9, regret_index_zotdec_plus
Zot:4:    hangedman_snap_crack_crunch, layout_cathedral_of_symmetry,
          ebering_ghost_reflecting_pool
Zot:5:    layout_misc_corridors, gammafunk_ghost_crypt

Skill      XL: |  1  2  3  4  5  6  7  8  9 10 11 12 13 14 15 16 17 18 19 20 21 22 23 24 25 26 27 |
---------------+----------------------------------------------------------------------------------+-----
Conjurations   | 4 5 6 7 8 10 13 14 16 17 18 20 21 22 23 | 23.3
Spellcasting   | 3 4 5 7 8 10 11 13 15 16 17 18 22 | 22.2
Alchemy        | 1 2 4 6 |  6.4
Fire Magic     | 5 8 11 13 15 16 18 19 20 | 20.7
Earth Magic    | 4 8 10 12 14 15 20 | 20.0
Shapeshifting  | 6 8 11 12 13 18 | 18.0
Air Magic      | 3 14 | 14.0
Dodging        | 5 |  5.3
Fighting       | 3 |  3.2
Stealth        | |  2.6

Action                     |  1- 3 |  4- 6 |  7- 9 | 10-12 | 13-15 | 16-18 | 19-21 | 22-24 | 25-27 || total
---------------------------+-------+-------+-------+-------+-------+-------+-------+-------+-------++-------
  Melee: Unarmed           |     8 |       |       |       |     2 |       |       |       |     2 ||    12
         Tailslap          |       |       |       |       |       |       |       |       |     1 ||     1
   Cast: Magic Dart        |    14 |       |       |     3 |     1 |       |       |       |       ||    18
         Searing Ray       |    21 |    58 |   112 |    57 |     8 |     4 |     3 |       |       ||   263
         Fulminant Prism   |       |     1 |    24 |    59 |     7 |       |       |       |       ||    91
         Irradiate         |       |       |     7 |    46 |    32 |    34 |    19 |    30 |     8 ||   176
         Starburst         |       |       |       |    67 |   389 |    42 |     4 |    10 |     1 ||   513
         Iskenderun's Batt |       |       |       |       |   101 |    19 |     6 |     5 |     1 ||   132
         Fire Storm        |       |       |       |       |     6 |   344 |   440 |   350 |   454 ||  1594
         Blink             |       |       |       |       |       |       |     1 |     7 |     1 ||     9
         Shatter           |       |       |       |       |       |       |       |    13 |    98 ||   111
         Ignition          |       |       |       |       |       |       |       |     8 |     6 ||    14
         Chain Lightning   |       |       |       |       |       |       |       |       |   218 ||   218
Ability: Begin Untransform |       |       |       |       |       |     2 |     2 |     1 |     1 ||     6
  Evoke: Wand              |       |       |       |     3 |     7 |     8 |       |     2 |       ||    20
    Use: Potion            |       |     2 |       |     3 |     3 |     4 |     2 |     9 |    53 ||    76
         Scroll            |       |       |     9 |     5 |     8 |     7 |     4 |     3 |    11 ||    47
   Stab: Sleeping          |     1 |       |       |       |       |       |       |       |       ||     1
 Armour: Skin              |     5 |    30 |    61 |    73 |   128 |    55 |    42 |    52 |   328 ||   774
  Dodge: Dodged            |    16 |    42 |    82 |    81 |   118 |    46 |    17 |    55 |    61 ||   518
  Block: Other             |       |       |       |       |       |       |     5 |     5 |     3 ||    13
         Reflection        |       |       |       |       |       |       |     1 |       |       ||     1
   Form: Dragon            |       |       |       |       |       |     1 |     1 |     1 |     1 ||     4
         Statue            |       |       |       |       |       |     1 |       |       |       ||     1
         Serpent           |       |       |       |       |       |       |     2 |     1 |       ||     3
         Death             |       |       |       |       |       |       |     1 |       |       ||     1
                           |       |       |       |       |       |       |       |     1 |       ||     1
         Storm             |       |       |       |       |       |       |       |       |     1 ||     1

Table legend: (Time is in decaauts)
 A = Elapsed time spent in this place.
 B = Non-inter-level travel time spent in this place.
 C = Inter-level travel time spent in this place.
 D = Time resting spent in this place.
 E = Time spent auto-exploring this place.
 F = Levels seen in this place.
 G = Mean time per level.
                   A        B        C        D        E       F      G
               +--------+--------+--------+--------+--------+-----+--------+
         Total | 108806 | 101270 |   7536 |  46400 |  40565 |  74 | 1470.4 |
       Dungeon |  21199 |  19197 |   2002 |   4223 |  12526 |  15 | 1413.3 |
        Temple |     18 |     10 |      8 |      0 |      0 |   1 |   18.0 |
          Lair |  11136 |  10333 |    803 |   4390 |   4796 |   5 | 2227.2 |
         Swamp |   5617 |   5448 |    169 |   3179 |   1639 |   4 | 1404.2 |
     Snake Pit |  12569 |  11386 |   1183 |   6516 |   3102 |   4 | 3142.2 |
    Slime Pits |   1777 |   1634 |    143 |    225 |   1231 |   5 |  355.4 |
  Orcish Mines |   3356 |   3121 |    235 |   1022 |   1675 |   2 | 1678.0 |
   Elven Halls |   6243 |   6022 |    221 |   3689 |   1501 |   3 | 2081.0 |
        Vaults |  13696 |  13091 |    605 |   6817 |   4614 |   5 | 2739.2 |
         Crypt |   6056 |   5697 |    359 |   3219 |   1724 |   3 | 2018.7 |
        Depths |   9920 |   8997 |    923 |   5328 |   2515 |   4 | 2480.0 |
           Zot |  12974 |  12093 |    881 |   5958 |   4006 |   5 | 2594.8 |
         Abyss |    409 |    409 |      0 |     84 |    222 |   3 |  136.3 |
      Ziggurat |   1539 |   1539 |      0 |    891 |    255 |  13 |  118.4 |
       Ossuary |   1480 |   1480 |      0 |    644 |    503 |   1 | 1480.0 |
      Gauntlet |    808 |    808 |      0 |    213 |    253 |   1 |  808.0 |
               +--------+--------+--------+--------+--------+-----+--------+

Top non-repeatable levels by time:
   Zot:1: 4749 daAuts
 Snake:4: 3911 daAuts
 Snake:3: 3842 daAuts
 Snake:2: 3648 daAuts
Vaults:2: 3625 daAuts
Depths:3: 3623 daAuts
Vaults:3: 3417 daAuts
Depths:2: 3122 daAuts
   Zot:3: 3007 daAuts
   Elf:2: 2909 daAuts
Vaults:4: 2847 daAuts
  Lair:5: 2588 daAuts
  Lair:4: 2566 daAuts
    D:13: 2429 daAuts
 Crypt:1: 2321 daAuts
